 Dungeon Crawl Stone Soup version 0.28.0-43-g3370ac3207 (webtiles) character file.

Game seed: 17988799063727281196

30 Zonian the Chiller (level 3, 24/24 HPs)
             Began as a Demonspawn Ice Elementalist on Mar 2, 2022.
             Was a Follower of Yredelemnul.
             Quit the game on level 1 of the Dungeon.
             The game lasted 00:01:11 (1509 turns).

Zonian the Chiller (Demonspawn Ice Elementalist)    Turns: 1509, Time: 00:01:12

Health: 24/24      AC:  2    Str:  8    XL:     3   Next: 5%
Magic:  6/6        EV: 12    Int: 18    God:    Yredelemnul [*.....]
Gold:   13         SH:  0    Dex: 13    Spells: 5/6 levels left

rFire   . . .      SeeInvis .   (no weapon)
rCold   . . .      Faith    .   (no shield)
rNeg    . . .      Spirit   .   a - +0 robe
rPois   .          Reflect  .   (no helmet)
rElec   .          Harm     .   (no cloak)
rCorr   .          Rampage  .   (no gloves)
Will    .....                   (no boots)
Stlth   ++........              (no amulet)
HPRegen 0.08/turn               (no ring)
MPRegen 0.10/turn               (no ring)

@: no status effects
A: foul stench 1, powered by pain 1
a: Renounce Religion, Recall Undead Harvest


You were on level 1 of the Dungeon.
You worshipped Yredelemnul.
Yredelemnul was noncommittal.
You visited 1 branch of the dungeon, and saw 1 of its levels.

You collected 13 gold pieces.

Inventory:

Armour
 a - a +0 robe (worn)
Scrolls
 b - a scroll of identify {unknown}
 d - 2 scrolls of immolation {unknown}
 f - a scroll of vulnerability {unknown}
Potions
 c - 2 potions of curing {unknown}
 e - a potion of flight {unknown}
 g - a potion of attraction {unknown}


   Skills:
 + Level 2.2 Dodging
 + Level 2.2 Stealth
 + Level 2.3 Spellcasting
 + Level 3.9 Ice Magic


You had 5 spell levels left.
You knew the following spells:

 Your Spells              Type           Power      Damage    Failure   Level
a - Freeze                Ice            64%        1d8       3%          1

Your spell library contained the following spells:

 Spells                   Type           Power      Damage    Failure   Level
 Frozen Ramparts          Ice            32%        1d5       11%         3
 Ozocubu's Armour         Ice            16%        N/A       11%         3
 Hailstorm                Conj/Ice       9%         3d4       61%         4


Dungeon Overview and Level Annotations

Branches:
Dungeon (1/15)

Altars:
Yredelemnul


Innate Abilities, Weirdness & Mutations

You may rarely emit foul miasma when damaged in melee.
You sometimes gain a little power by taking damage.


Message History

You freeze the hobgoblin.
You kill the hobgoblin!
You have reached level 3!
Your experience leads to an increase in your attributes!
Increase (S)trength, (I)ntelligence, or (D)exterity?
You feel clever. x2; Your demonic ancestry asserts itself...
You feel energised by your suffering.
Unknown command.
Key pressed, stopping explore.
You see here a rat corpse.
You see here 25 bolts.
Found a dagger.
Found a faded altar of an unknown god.
Unknown command.
There is a faded altar of an unknown god here.
You see here a +0 dagger.
You cannot tell which god this altar belongs to.
Convert to them anyway?
Yredelemnul accepts your prayer! Yredelemnul welcomes you!
You can now reap souls.
You can now recall your undead harvest.
Found 16 stones.
A bat comes into view.
Unknown command.
The helpless bat fails to defend itself.
You hit the bat.
The bat is moderately wounded.
The bat hits you but does no damage.
You freeze the bat.
You kill the bat!
A black mist starts to gather...
You can't see any susceptible monsters within range! (Use Z to cast anyway.) Unknown command.
You swap places.
Key pressed, stopping explore.
You swap places.
You swap places.
You swap places.
You swap places.
Found 12 arrows.
Unknown command.
Are you sure you want to abandon this character and quit the game? (Confirm with "yes".)

......... #.# ...#####
############.### ...#
#Z.......>...... ...#
#Z#######.###### #.##
######Z#######.# # #.#
#....Z#ZZ......# # #.#
#.####.######..# # #.###########
####Z# #..# #
#...........#.#.@Z.# #Z.######
#####.....#.#.#.#########Z.......
...............( ...............
#####.._..###.## #######.#######
#.....# #(# #.# #..ZZ.# #.# #.#
###.#####.# #.#
#.......###########.#
#######.......ZZZZ..#


You could see a friendly ball python zombie and a friendly quokka zombie.

Vanquished Creatures
  A gnoll (D:1)
  2 bats (D:1)
  3 endoplasms (D:1)
  A giant cockroach (D:1)
  2 goblins (D:1)
  4 hobgoblins (D:1)
  A kobold (D:1)
  A frilled lizard (D:1)
  3 rats (D:1)
18 creatures vanquished.

Notes
Turn   | Place    | Note
-------+----------+-------------------------------------------
     0 | D:1      | Zonian the Demonspawn Ice Elementalist began the quest for
                  | the Orb.
     0 | D:1      | Reached XP level 1. HP: 13/13 MP: 3/3
    24 | D:1      | Gained mutation: You may rarely emit foul miasma when
                  | damaged in melee. [demonic ancestry]
    24 | D:1      | Reached XP level 2. HP: 13/19 MP: 0/5
  1328 | D:1      | Gained mutation: You sometimes gain a little power by
                  | taking damage. [demonic ancestry]
  1328 | D:1      | Reached XP level 3. HP: 24/24 MP: 4/6
  1439 | D:1      | Found a faded altar of an unknown god.
  1445 | D:1      | Prayed at the altar of an unknown god.
  1445 | D:1      | Became a worshipper of Yredelemnul the Dark
  1445 | D:1      | Reached * piety under Yredelemnul
  1509 | D:1      | Quit the game

Illustrated notes

Levels and vault maps discovered:
D:1:      saegor_arrival_miasma, layout_loops_ring,
          ebering_ecumenical_altar_sacrificial, st_stairs_8, moated_statue

Skill      XL: |  1 |
---------------+----+-----
Dodging        | 2 |  2.2
Stealth        | 2 |  2.2
Spellcasting   | |  2.3
Ice Magic      | |  3.9

Action                   || total
-------------------------++-------
Melee: Unarmed           ||    17
 Cast: Freeze            ||    27
 Stab: Sleeping          ||     2
Armor: Robe              ||    10
Dodge: Dodged            ||    17
